Map: Alcyone LE

Players

rolav - Winner!

  • Race: Protoss Protoss
  • Spawn Location: 1:00

Subwayeatn

  • Race: Zerg Zerg
  • League: Platinum
  • Spawn Location: 7:00

VOD

Have the link to the VOD?

Description

Time

  • Played on: Oct. 31, 2023, 4:51 p.m.
  • Length: 15:27
Show
View Real Time Build Order
Export as new Build Order

rolav Protoss - Winner!

Build Orders:  

Get SALT Encoding   

  12  0:00  Probe  
  13  0:12  Probe  
  14  0:20  Pylon  
  14  0:24  Probe  
  15  0:38  Probe (Chrono Boost)  
  16  0:44  Forge  
  16  0:47  Probe (Chrono Boost)  
  17  0:52  Probe (Chrono Boost)  
  18  1:04  Probe  
  19  1:16  Probe (Chrono Boost)  
  20  1:18  Pylon  
  20  1:25  Assimilator  
  20  1:28  Probe (Chrono Boost)  
  21  1:35  Probe (Chrono Boost)  
  21  1:36  Gateway  
  22  1:43  Probe  
  23  1:55  Probe  
  23  1:56  Photon Cannon  
  23  1:57  Photon Cannon  
  24  2:15  Photon Cannon  
  24  2:16  Pylon  
  24  2:20  Probe (Chrono Boost)  
  25  2:33  Probe (Chrono Boost)  
  26  2:43  Pylon  
  28  2:50  Pylon  
  28  2:59  Zealot  
  28  3:01  Probe  
  29  3:08  Photon Cannon  
  29  3:12  Cybernetics Core  
  29  3:21  Probe  
  30  3:32  Zealot  
  32  3:42  Photon Cannon  
  32  3:53  Nexus, Warp Gate  
  32  3:57  Probe  
  32  4:02  Assimilator  
  33  4:07  Pylon  
  33  4:14  Probe  
  34  4:26  Pylon, Probe  
  34  4:29  Zealot  
  37  4:38  Probe  
  38  4:48  Nexus  
  38  4:55  Probe (Chrono Boost)  
  39  5:06  Probe (Chrono Boost)  
  40  5:10  Probe x2 (Chrono Boost)  
  42  5:16  Assimilator  
  42  5:21  Probe x2  
  42  5:23  Pylon  
  44  5:33  Probe x2  
  44  5:35  Pylon  
  46  5:40  Pylon  
  46  5:41  Sentry  
  48  5:45  Probe x2  
  50  5:55  Pylon  
  50  5:57  Gateway, Probe  
  50  5:59  Gateway  
  51  6:05  Robotics Facility, Probe x2  
  51  6:08  Gateway  
  51  6:11  Pylon  
  53  6:17  Probe (Chrono Boost), Pylon  
  56  6:22  Protoss Ground Weapons Level 1  
  56  6:24  Stalker, Probe x2 (Chrono Boost)  
  58  6:31  Probe (Chrono Boost)  
  60  6:32  Probe (Chrono Boost)  
  60  6:33  Probe (Chrono Boost)  
  61  6:41  Probe  
  61  6:44  Probe  
  61  6:45  Probe  
  64  6:47  Robotics Facility  
  64  6:52  Gateway  
  64  6:53  Gateway, Probe  
  65  6:55  Immortal  
  69  7:01  Forge  
  69  7:03  Forge  
  69  7:05  Twilight Council, Probe (Chrono Boost)  
  72  7:10  Pylon  
  72  7:11  Probe x2 (Chrono Boost)  
  72  7:15  Probe (Chrono Boost)  
  73  7:19  Probe (Chrono Boost)  
  73  7:20  Probe (Chrono Boost), Pylon  
  73  7:21  Stalker  
  73  7:22  Stalker x3  
  83  7:25  Probe  
  84  7:30  Probe  
  84  7:31  Protoss Shields Level 1, Protoss Ground Armor Level 1  
  84  7:32  Probe  
  84  7:33  Nexus  
  87  7:37  Probe  
  87  7:38  Pylon  
  87  7:42  Probe  
  87  7:43  Observer  
  87  7:44  Probe  
  90  7:47  Immortal  
  90  7:49  Probe  
  90  7:51  Assimilator  
  95  7:53  Assimilator  
  95  7:55  Probe  
  96  8:03  Probe, Pylon  
  96  8:04  Probe  
  98  8:07  Probe  
  98  8:11  Immortal (Chrono Boost)  
  103  8:17  Charge  
  103  8:24  Stalker  
  103  8:25  Stalker x4  
  114  8:33  Immortal (Chrono Boost)  
  117  8:43  Zealot  
  117  8:46  Immortal (Chrono Boost)  
  123  8:52  Robotics Bay  
  123  8:57  Stalker x4  
  135  9:10  Immortal  
  129  9:27  Protoss Ground Weapons Level 2 (Chrono Boost)  
  129  9:32  Probe x2  
  129  9:37  Assimilator  
  131  9:42  Assimilator  
  131  9:55  Protoss Ground Armor Level 2 (Chrono Boost)  
  131  9:57  Colossus  
  137  10:07  Nexus, Gateway  
  137  10:08  Zealot x2  
  137  10:09  Zealot x3  
  137  10:12  Pylon  
  147  10:22  Extended Thermal Lance (Chrono Boost)  
  147  10:25  Observer  
  147  10:27  Protoss Shields Level 2 (Chrono Boost)  
  148  10:45  Colossus x2  
  160  11:26  Pylon  
  160  11:29  Pylon  
  160  11:32  Pylon  
  160  11:33  Probe x4  
  160  11:34  Assimilator, Probe  
  160  11:37  Zealot  
  160  11:38  Zealot x5, Assimilator  
  177  11:41  Colossus  
  177  11:44  Colossus  
  189  11:48  Pylon  
  189  11:50  Gateway x2  
  189  11:53  Photon Cannon  
  189  11:55  Photon Cannon  
  189  11:58  Photon Cannon  
  189  11:59  Photon Cannon  
  177  12:17  Zealot  
  177  12:18  Zealot  
  177  12:19  Zealot x4  
  183  12:41  Protoss Ground Weapons Level 3 (Chrono Boost)  
  183  12:44  Colossus x2  
  183  12:46  Gravitic Boosters  
  195  12:51  Protoss Shields Level 3 (Chrono Boost), Blink, Protoss Ground Armor Level 3 (Chrono Boost)  
  195  12:56  Zealot x2  
  199  13:18  Stargate  
  199  13:20  Stargate  
  199  13:21  Stargate  
  199  13:22  Stargate  
  199  13:24  Stargate  
  199  13:26  Stargate  
  199  13:31  Cybernetics Core  
  199  14:03  Gateway  
  199  14:05  Gateway  
  199  14:08  Gateway  
  199  14:11  Shield Battery  
  199  14:13  Shield Battery  
  199  14:14  Fleet Beacon  
  199  14:17  Photon Cannon  
Show
View Real Time Build Order
Export as new Build Order

Subwayeatn Zerg 

Build Orders: Pool First 

Get SALT Encoding   

  12  0:17  Spawning Pool  
  11  0:21  Drone  
  11  0:26  Drone  
  13  0:31  Drone  
  14  0:40  Overlord  
  14  1:02  Drone  
  15  1:05  Zergling x2  
  16  1:13  Hatchery  
  15  1:25  Queen  
  15  1:29  Zergling x2  
  18  1:33  Zergling x2  
  18  1:37  Zergling x2  
  20  2:01  Queen  
  21  2:35  Roach Warren  
  18  2:50  Extractor  
  16  2:52  Extractor  
  15  2:59  Queen  
  17  3:07  Hatchery  
  16  3:14  Drone x3  
  16  3:19  Overlord  
  19  3:25  Zergling x4  
  21  3:29  Zergling x2  
  22  3:50  Drone x2  
  22  3:51  Drone x4  
  28  4:05  Overlord  
  28  4:14  Roach  
  30  4:30  Overlord  
  30  4:35  Overlord  
  30  4:38  Drone x2  
  32  4:39  Drone  
  32  4:43  Drone  
  34  4:54  Ravager  
  34  4:59  Roach x2  
  39  5:13  Drone x4  
  43  5:20  Ravager x2  
  45  5:26  Roach  
  47  5:34  Overlord  
  47  5:40  Lair  
  47  5:42  Drone  
  48  5:44  Drone  
  48  5:46  Drone  
  48  5:48  Drone  
  51  5:51  Drone  
  51  5:54  Ravager  
  53  5:59  Queen  
  55  6:09  Drone x4  
  59  6:29  Extractor  
  58  6:33  Roach x4  
  58  6:34  Roach  
  68  6:45  Overseer  
  68  6:48  Overseer  
  68  7:08  Hatchery  
  67  7:11  Pneumatized Carapace  
  67  7:13  Drone  
  67  7:15  Overlord  
  68  7:18  Overlord  
  68  7:19  Overlord  
  68  7:22  Overlord  
  68  7:34  Zergling x2  
  69  7:37  Ravager x5  
  69  7:40  Zergling x12  
  69  7:41  Zergling x8  
  84  7:47  Hydralisk Den  
  83  7:54  Baneling Nest  
  83  7:57  Drone x4, Extractor  
  85  8:01  Drone  
  85  8:03  Drone  
  87  8:10  Overlord  
  87  8:11  Overlord x2  
  86  8:30  Metabolic Boost  
  81  8:43  Queen  
  83  8:53  Evolution Chamber  
  83  8:55  Evolution Chamber  
  81  8:56  Drone x2  
  81  8:57  Drone x2  
  81  8:59  Drone x9  
  93  9:11  Overlord  
  93  9:13  Zergling x10  
  86  9:26  Glial Reconstitution  
  83  9:35  Zergling x2  
  83  9:37  Zergling x2  
  85  9:42  Zerg Missile Weapons Level 1  
  85  9:43  Zerg Ground Armor Level 1  
  85  9:49  Grooved Spines  
  85  9:51  Centrifugal Hooks  
  85  9:56  Overlord  
  85  9:59  Drone x11, Hatchery  
  95  10:01  Extractor  
  95  10:03  Extractor  
  93  10:08  Drone  
  93  10:36  Hydralisk  
  93  10:37  Hydralisk x11  
  93  10:38  Infestation Pit  
  93  10:39  Muscular Augments  
  116  10:48  Overlord x2  
  115  10:59  Hydralisk  
  115  11:00  Hydralisk x8  
  133  11:18  Zergling x2  
  133  11:19  Zergling x10  
  139  11:30  Queen  
  141  11:35  Hatchery  
  140  11:42  Zergling x2  
  140  11:43  Zergling x22  
  152  11:52  Overlord  
  152  11:53  Drone x4  
  152  11:54  Drone x2  
  104  12:28  Zergling x14  
  104  12:29  Zergling x2  
  108  12:32  Lurker Den  
  108  12:33  Roach  
  109  12:37  Zergling x10  
  109  12:38  Zergling x6  
  116  12:44  Hydralisk  
  116  12:45  Hydralisk x4  
  124  12:56  Spire  
  123  12:59  Hive  
  123  13:02  Zerg Melee Weapons Level 1, Zerg Missile Weapons Level 2  
  120  13:10  Overlord  
  117  13:13  Zergling x12  
  117  13:14  Zergling x12  
  117  13:19  Zergling x10  
  135  13:20  Zergling x6  
  137  13:30  Spine Crawler x2  
  137  13:32  Spine Crawler x2  
  131  13:37  Overlord  
  131  13:39  Spine Crawler  
  130  13:46  Overseer  
  120  13:59  Queen  
  120  14:02  Drone x8  
  130  14:03  Drone  
  130  14:06  Zergling x10  
  130  14:07  Zergling x8  
  140  14:18  Extractor  
  140  14:19  Extractor  
  138  14:24  Drone  
  138  14:25  Drone x2  
  138  14:26  Drone x3  
  144  14:35  Queen, Corruptor x4  
  144  14:36  Corruptor  
  147  15:00  Ultralisk Cavern  
  147  15:03  Zergling x4  
  147  15:04  Zergling x4  
Tags
 
League
Platinum
Matchup
PvZ
Opening
Pool First
Replay Pack
Multiplayer
Spawn Locations
Cross Positions
Add a new tag
Caveats
  • Supply blocks, unpowered buildings, or Contaminate may cause inaccurate times.
  • Supply counts are checked every 10 seconds.